General information
- name: BNet
- type: Ladder team game (AT/RT)
- host: Battle.net
- saver: MoleHillBarony
map: Mur'gulOasis
- players: 8
- length: 34:57
- speed: Fast
- version: 1.26 W3XP
- replay type: Public
» download(186 KB)
Players
team 1 (winner)
Gil (
yellow | 48 APM | 747 actions | 15:28)
1 Death Knight
1 Unholy Aura
4 Crypt Lord
2 Impale
2 Spiked Carapace
» actions
| Assign group hotkey | 27 | |
| Basic commands | 1 | |
| Build / train | 53 | |
| Enter build submenu | 12 | |
| Enter hero's abilities submenu | 6 | |
| Give item / drop item | 1 | |
| Remove unit from queue | 9 | |
| Right click | 274 | |
| Select / deselect | 154 | |
| Select group hotkey | 174 | |
| Use ability | 36 | |
747 total
» units
| Acolyte | 7 | |
| Ghoul | 4 | |
| Crypt Fiend | 12 | |
23 total
» upgrades
| Creature Attack | 3 | |
| Creature Carapace | 4 | |
| Burrow | 0 | |
| Web | 2 | |
| Unholy Strength | 0 | |
9 total
» buildings
| Ziggurat | 5 | |
| Altar of Darkness | 1 | |
| Crypt | 1 | |
| Nerubian Tower | 1 | |
| Graveyard | 1 | |
| Tomb of Relics | 1 | |
| Spirit Tower | 2 | |
| Halls of the Dead | 1 | |
| Black Citadel | 1 | |
| Sacrificial Pit | 1 | |
15 total
» build order
00:12 Ziggurat
00:21 Altar of Darkness
00:38 Ziggurat
01:05 Crypt
01:18 Nerubian Tower
01:58 Graveyard
02:26 Tomb of Relics
03:09 Ziggurat
03:11 Ziggurat
04:53 Spirit Tower
05:38 Ziggurat
06:17 Halls of the Dead
08:02 Spirit Tower
10:25 Black Citadel
11:05 Sacrificial Pit
I_CLUB_PENGUINS (
pink | 68 APM | 2363 actions | 34:57)
6 Blademaster
3 Wind Walk
2 Critical Strike
1 Bladestorm
4 Shadow Hunter
2 Hex
2 Healing Wave
» actions
| Assign group hotkey | 84 | |
| Basic commands | 19 | |
| Build / train | 92 | |
| Enter build submenu | 27 | |
| Enter hero's abilities submenu | 10 | |
| Give item / drop item | 4 | |
| Remove unit from queue | 1 | |
| Right click | 942 | |
| Select / deselect | 236 | |
| Select group hotkey | 781 | |
| Use ability | 167 | |
2363 total
» units
| Peon | 12 | |
| Wind Rider | 6 | |
| Crypt Fiend | 2 | |
| Obsidian Statue | 1 | |
| Raider | 1 | |
| Abomination | 3 | |
| Troll Batrider | 21 | |
46 total
» upgrades
| Ranged Weapons | 2 | |
| Reinforced Defenses | 2 | |
| Envenomed Spears | 1 | |
| Ensnare | 1 | |
| Armor | 1 | |
| Liquid Fire | 1 | |
8 total
» buildings
| Altar of Storms | 1 | |
| Orc Burrow | 5 | |
| Voodoo Lounge | 1 | |
| Stronghold | 1 | |
| War Mill | 1 | |
| Halls of the Dead | 1 | |
| Spirit Tower | 8 | |
| Watch Tower | 36 | |
| Ziggurat | 15 | |
| Fortress | 1 | |
| Beastiary | 2 | |
| Slaughterhouse | 2 | |
74 total
» build order
00:11 Altar of Storms
00:21 Orc Burrow
00:49 Voodoo Lounge
02:12 Stronghold
02:35 War Mill
02:49 Orc Burrow
02:50 Orc Burrow
02:51 Orc Burrow
04:14 Halls of the Dead
04:16 Spirit Tower
04:39 Watch Tower
04:39 Watch Tower
04:40 Watch Tower
04:41 Watch Tower
04:43 Watch Tower
04:43 Watch Tower
04:55 Ziggurat
04:56 Ziggurat
05:53 Fortress
06:16 Beastiary
06:35 Watch Tower
07:13 Slaughterhouse
07:15 Slaughterhouse
07:44 Beastiary
11:36 Orc Burrow
11:47 Watch Tower
12:14 Watch Tower
12:15 Watch Tower
12:57 Watch Tower
12:58 Watch Tower
13:06 Watch Tower
13:06 Watch Tower
15:59 Spirit Tower
16:00 Spirit Tower
16:05 Spirit Tower
16:31 Watch Tower
16:32 Watch Tower
16:32 Watch Tower
16:32 Watch Tower
16:33 Watch Tower
16:55 Watch Tower
16:56 Watch Tower
16:56 Watch Tower
17:51 Watch Tower
17:52 Watch Tower
17:52 Watch Tower
18:59 Watch Tower
19:27 Watch Tower
19:27 Watch Tower
19:59 Watch Tower
20:00 Watch Tower
20:26 Ziggurat
20:27 Ziggurat
20:27 Ziggurat
20:28 Ziggurat
20:35 Ziggurat
20:35 Ziggurat
20:36 Ziggurat
20:36 Ziggurat
20:56 Watch Tower
20:56 Watch Tower
21:33 Spirit Tower
21:59 Spirit Tower
22:00 Spirit Tower
22:03 Ziggurat
22:03 Ziggurat
22:04 Ziggurat
» items
| Healing Salve | 6 | |
| Lesser Clarity Potion | 4 | |
| Staff of Teleportation | 1 | |
| Boots of Speed | 1 | |
| Potion of Lesser Invulnerability | 1 | |
| Scroll of Town Portal | 1 | |
14 total

»
HolyChicken (
blue | 41 APM | 639 actions | 15:31)
4 Tauren Chieftain
2 War Stomp
2 Endurance Aura
1 Death Knight
1 Unholy Aura
» actions
| Assign group hotkey | 14 | |
| Build / train | 62 | |
| Enter build submenu | 15 | |
| Enter hero's abilities submenu | 5 | |
| Give item / drop item | 3 | |
| Remove unit from queue | 4 | |
| Right click | 213 | |
| Select / deselect | 157 | |
| Select group hotkey | 115 | |
| Use ability | 51 | |
639 total
» units
| Peon | 7 | |
| Grunt | 10 | |
| Crypt Fiend | 3 | |
| Raider | 3 | |
| Wind Rider | 3 | |
| Troll Batrider | 3 | |
29 total
» upgrades
| Berserker Strength | 1 | |
| Pillage | 1 | |
| Melee Weapons | 2 | |
| Armor | 2 | |
| Ranged Weapons | 1 | |
| Liquid Fire | 1 | |
8 total
» buildings
| Altar of Storms | 1 | |
| Orc Burrow | 5 | |
| Barracks | 1 | |
| Voodoo Lounge | 1 | |
| Stronghold | 1 | |
| War Mill | 1 | |
| Beastiary | 1 | |
| Ziggurat | 1 | |
| Watch Tower | 3 | |
| Fortress | 1 | |
| Great Hall | 1 | |
17 total
» build order
00:11 Altar of Storms
00:23 Orc Burrow
00:41 Barracks
01:30 Orc Burrow
02:36 Voodoo Lounge
03:14 Stronghold
03:52 Orc Burrow
04:35 War Mill
04:53 Orc Burrow
05:58 Beastiary
06:20 Ziggurat
07:52 Orc Burrow
08:34 Watch Tower
09:52 Watch Tower
11:50 Fortress
12:58 Watch Tower
14:50 Great Hall
» items
| Lesser Clarity Potion | 4 | |
| Scroll of Speed | 3 | |
| Healing Salve | 4 | |
| Scroll of Town Portal | 2 | |
13 total

»
naganess (
red | 31 APM | 125 actions | 04:04)
1 Death Knight
1 Death Coil
» actions
| Build / train | 10 | |
| Enter build submenu | 9 | |
| Enter hero's abilities submenu | 1 | |
| Remove unit from queue | 2 | |
| Right click | 47 | |
| Select / deselect | 48 | |
| Use ability | 8 | |
125 total
» units
| Acolyte | 2 | |
| Ghoul | 2 | |
| Crypt Fiend | 2 | |
6 total
» buildings
| Altar of Darkness | 1 | |
| Crypt | 1 | |
| Ziggurat | 2 | |
| Graveyard | 1 | |
| Tomb of Relics | 1 | |
6 total
» build order
00:06 Altar of Darkness
00:13 Crypt
00:43 Ziggurat
01:53 Graveyard
01:59 Ziggurat
02:42 Tomb of Relics
team 2 (loser)

»
xscroll (
teal | 45 APM | 1246 actions | 27:47)
5 Mountain King
3 Storm Bolt
2 Bash
4 Paladin
2 Holy Light
2 Divine Shield
» actions
| Basic commands | 7 | |
| Build / train | 83 | |
| Enter build submenu | 28 | |
| Enter hero's abilities submenu | 9 | |
| Give item / drop item | 1 | |
| Right click | 717 | |
| Select / deselect | 330 | |
| Use ability | 71 | |
1246 total
» units
| Peasant | 17 | |
| Footman | 7 | |
| Spell Breaker | 10 | |
| Priest | 9 | |
| Sorceress | 2 | |
45 total
» upgrades
| Magic Sentry | 1 | |
| Priest Training | 2 | |
| Swords | 3 | |
| Masonry | 3 | |
| Control Magic | 1 | |
| Plating | 2 | |
| Sorceress Training | 2 | |
14 total
» buildings
| Altar of Kings | 1 | |
| Farm | 10 | |
| Barracks | 1 | |
| Scout Tower | 5 | |
| Arcane Vault | 2 | |
| Arcane Tower | 1 | |
| Keep | 1 | |
| Lumber Mill | 1 | |
| Blacksmith | 1 | |
| Guard Tower | 4 | |
| Arcane Sanctum | 2 | |
| Castle | 1 | |
| Town Hall | 2 | |
32 total
» build order
00:11 Altar of Kings
00:17 Farm
01:01 Barracks
01:20 Farm
01:51 Scout Tower
02:00 Farm
02:05 Farm
02:15 Arcane Vault
02:31 Arcane Tower
02:48 Farm
03:46 Keep
04:28 Lumber Mill
05:01 Scout Tower
05:10 Blacksmith
05:37 Guard Tower
05:41 Farm
06:39 Arcane Sanctum
06:43 Farm
06:50 Arcane Sanctum
07:28 Castle
09:35 Arcane Vault
11:51 Scout Tower
12:19 Guard Tower
14:26 Farm
15:34 Farm
16:16 Farm
21:56 Town Hall
23:35 Scout Tower
23:58 Scout Tower
24:16 Guard Tower
24:27 Guard Tower
24:57 Town Hall
» items
| Scroll of Regeneration | 2 | |
| Healing Salve | 1 | |
| Scroll of Speed | 1 | |
| Scroll of Town Portal | 2 | |
6 total
Stormbourne (
green | 41 APM | 1205 actions | 29:24)
5 Demon Hunter
1 Immolation
3 Mana Burn
1 Evasion
4 Keeper of the Grove
2 Force of Nature
2 Entangling Roots
4 Priestess of the Moon
2 Trueshot Aura
1 Searing Arrows
1 Scout
» actions
| Assign group hotkey | 15 | |
| Basic commands | 7 | |
| Build / train | 69 | |
| Enter build submenu | 19 | |
| Enter hero's abilities submenu | 13 | |
| Give item / drop item | 2 | |
| Remove unit from queue | 2 | |
| Right click | 522 | |
| Select / deselect | 343 | |
| Select group hotkey | 144 | |
| Use ability | 69 | |
1205 total
» units
| Wisp | 13 | |
| Archer | 2 | |
| Huntress | 3 | |
| Chimaera | 4 | |
| Dryad | 5 | |
| Hippogryph | 8 | |
35 total
» upgrades
| Reinforced Hides | 3 | |
| Strength of the Wild | 1 | |
| Abolish Magic | 1 | |
| Corrosive Breath | 1 | |
6 total
» buildings
| Moon Well | 8 | |
| Altar of Elders | 1 | |
| Ancient of War | 1 | |
| Hunter's Hall | 1 | |
| Tree of Ages | 1 | |
| Tree of Eternity | 1 | |
| Ancient of Wind | 1 | |
| Chimaera Roost | 3 | |
| Ancient of Lore | 1 | |
| Tree of Life | 2 | |
20 total
» build order
00:11 Moon Well
01:04 Altar of Elders
01:09 Moon Well
02:05 Ancient of War
02:10 Moon Well
02:31 Hunter's Hall
03:18 Tree of Ages
03:44 Moon Well
04:50 Moon Well
05:40 Tree of Eternity
06:19 Moon Well
06:25 Ancient of Wind
08:26 Chimaera Roost
08:38 Chimaera Roost
08:52 Chimaera Roost
09:53 Ancient of Lore
12:43 Tree of Life
19:15 Moon Well
19:40 Tree of Life
20:11 Moon Well
» items
| Potion of Lesser Invulnerability | 1 | |
| Circlet of Nobility | 1 | |
| Scroll of Protection | 2 | |
| Scroll of Town Portal | 3 | |
| Scroll of Speed | 1 | |
| Orb of Lightning | 1 | |
9 total
MoleHillBarony (
orange | 48 APM | 1666 actions | 34:57)
5 Blademaster
3 Wind Walk
2 Critical Strike
» actions
| Assign group hotkey | 38 | |
| Basic commands | 278 | |
| Build / train | 63 | |
| Enter build submenu | 42 | |
| Enter hero's abilities submenu | 5 | |
| Give item / drop item | 6 | |
| Remove unit from queue | 1 | |
| Right click | 601 | |
| Select / deselect | 398 | |
| Select group hotkey | 134 | |
| Use ability | 100 | |
1666 total
» units
| Peon | 15 | |
| Grunt | 4 | |
| Wind Rider | 12 | |
| Troll Batrider | 4 | |
35 total
» upgrades
| Reinforced Defenses | 1 | |
| Ranged Weapons | 3 | |
| Armor | 3 | |
| Envenomed Spears | 1 | |
8 total
» buildings
| Orc Burrow | 4 | |
| Altar of Storms | 1 | |
| Barracks | 1 | |
| Voodoo Lounge | 1 | |
| Stronghold | 1 | |
| War Mill | 2 | |
| Watch Tower | 26 | |
| Fortress | 1 | |
| Beastiary | 3 | |
| Great Hall | 2 | |
42 total
» build order
00:12 Orc Burrow
00:52 Altar of Storms
00:54 Barracks
01:04 Orc Burrow
02:08 Voodoo Lounge
02:42 Stronghold
03:51 War Mill
04:20 Orc Burrow
05:05 Watch Tower
05:07 Watch Tower
05:11 Watch Tower
05:23 Watch Tower
06:21 Fortress
08:14 Beastiary
08:14 Beastiary
08:18 Watch Tower
08:19 Watch Tower
08:20 Watch Tower
08:25 Watch Tower
08:28 Watch Tower
08:35 Watch Tower
11:04 Orc Burrow
13:32 Great Hall
13:36 Watch Tower
13:37 Watch Tower
13:37 Watch Tower
13:37 Watch Tower
14:11 Watch Tower
14:12 Watch Tower
14:13 Watch Tower
14:15 Watch Tower
14:17 Watch Tower
16:40 Great Hall
16:42 Watch Tower
16:42 Watch Tower
16:46 Watch Tower
16:50 Watch Tower
16:50 Watch Tower
17:48 Watch Tower
17:48 Watch Tower
19:16 War Mill
21:29 Beastiary
» items
| Healing Salve | 5 | |
| Periapt of Vitality | 1 | |
| Lesser Clarity Potion | 2 | |
| Potion of Healing | 1 | |
| Orb of Lightning | 1 | |
| Staff of Teleportation | 1 | |
11 total
Ch33s3 (
purple | 58 APM | 2006 actions | 34:47)
5 Archmage
3 Summon Water Elemental
2 Brilliance Aura
4 Paladin
2 Holy Light
1 Divine Shield
1 Devotion Aura
» actions
| Basic commands | 80 | |
| Build / train | 61 | |
| ESC pressed | 2 | |
| Enter build submenu | 25 | |
| Enter hero's abilities submenu | 10 | |
| Give item / drop item | 2 | |
| Right click | 1005 | |
| Select / deselect | 688 | |
| Use ability | 133 | |
2006 total
» units
| Peasant | 12 | |
| Footman | 6 | |
| Knight | 10 | |
| Spell Breaker | 3 | |
| Mortar Team | 2 | |
33 total
» upgrades
| Defend | 1 | |
| Swords | 3 | |
| Plating | 3 | |
| Animal War Training | 1 | |
| Magic Sentry | 1 | |
9 total
» buildings
| Altar of Kings | 1 | |
| Barracks | 2 | |
| Farm | 12 | |
| Keep | 1 | |
| Blacksmith | 1 | |
| Arcane Vault | 1 | |
| Lumber Mill | 1 | |
| Castle | 1 | |
| Arcane Sanctum | 1 | |
| Town Hall | 2 | |
| Workshop | 1 | |
| Scout Tower | 5 | |
| Guard Tower | 1 | |
30 total
» build order
00:08 Altar of Kings
00:16 Barracks
00:19 Farm
01:03 Farm
01:50 Farm
02:42 Keep
03:34 Blacksmith
03:51 Arcane Vault
04:40 Farm
04:47 Lumber Mill
05:30 Castle
07:18 Barracks
07:20 Arcane Sanctum
08:16 Farm
08:17 Farm
11:53 Farm
11:54 Farm
12:47 Farm
13:42 Farm
16:05 Farm
16:10 Town Hall
17:24 Farm
21:35 Workshop
24:38 Scout Tower
24:39 Scout Tower
24:40 Scout Tower
24:41 Scout Tower
24:42 Scout Tower
24:46 Town Hall
25:42 Guard Tower
» items
Chat log
(00:22 / Allies) xscroll: hey
(00:27 / Allies) Stormbourne: hello
(00:36 / Allies) xscroll: unitys???'
(00:45 / Allies) Stormbourne: chims hipps
(00:47 / All) MoleHillBarony: Enjoy you wtih some mustard sauce
(00:54 / All) naganess: lawl
(00:55 / All) Gil: lol
(00:58 / All) I_CLUB_PENGUINS: what u talkin about
(01:20 / All) HolyChicken: i am delicious
(01:33 / All) Gil: still laughing - you killed my game!
(01:35 / All) xscroll: blue u so sexy?
(01:49 / All) I_CLUB_PENGUINS: we like u oj, do not want to do battle with u
(02:04 / All) MoleHillBarony: I like you too, kid, but them are the breaks
(02:05 / All) I_CLUB_PENGUINS: but alas
(02:06 / All) I_CLUB_PENGUINS: we must
(02:27 / Allies) Stormbourne: sigh
(02:31 / All) naganess: -_-
(02:32 / Allies) Ch33s3: fix ur shit
(02:46 / Allies) MoleHillBarony: Thanks brother
(02:57 / Allies) Stormbourne: need u at tier 3 fast
(03:37 / Allies) xscroll: orange units?
(03:58 / All) naganess: da fuq
(04:04 / All) HolyChicken: porn
(04:07 / All) Gil: damn!
(04:09 / All) MoleHillBarony: You can't fault a man for wanting to rub one out
(04:31 / All) I_CLUB_PENGUINS: rub wat out
(04:52 / All) MoleHillBarony: A load, look let's not get vulgar
(10:29 / Allies) MoleHillBarony: lumbers
(12:44 / Allies) MoleHillBarony: gold
(13:03 / Allies) xscroll: hit
(13:39 / Allies) MoleHillBarony: lumber
(15:22 / All) Gil: i have no chance to win with pink in my team. gg
(15:28 / All) I_CLUB_PENGUINS: LOL
(17:40 / Allies) MoleHillBarony: lumbers?
(17:41 / Allies) Ch33s3: need aa
(20:24 / Allies) Ch33s3: lets go
(20:34 / Allies) MoleHillBarony: I need lumber like a fat boy want cake
(22:13 / All) Stormbourne: FUCK U OJ
(22:18 / All) I_CLUB_PENGUINS: kik'
(23:33 / Allies) Ch33s3: help
(23:34 / Allies) Ch33s3: plz
(24:46 / All) I_CLUB_PENGUINS: can u homos plz leave
(24:51 / All) I_CLUB_PENGUINS: nice surrounding ur hero too purp lol
(25:22 / Allies) xscroll: wtf orange
(25:57 / Allies) Stormbourne: build cannons
(26:08 / Allies) Ch33s3: lumber
(26:09 / Allies) Ch33s3: plz
(26:27 / Allies) Ch33s3: orange
(26:28 / Allies) Ch33s3: wtf?
(26:51 / All) xscroll: orange love pink
(27:41 / All) xscroll: orange nigger
(27:58 / All) I_CLUB_PENGUINS: i raped u guys 1v4
(28:00 / All) I_CLUB_PENGUINS: owo hoo
(28:39 / All) I_CLUB_PENGUINS: purple i want to know
(28:47 / All) I_CLUB_PENGUINS: did u intentionally block ur base off
(28:56 / All) Ch33s3: yes
(28:58 / All) Ch33s3: why
(30:07 / All) I_CLUB_PENGUINS: this is wher eu leave lol
(30:18 / All) Ch33s3: Could careless
(30:22 / All) I_CLUB_PENGUINS: ok
(30:26 / All) I_CLUB_PENGUINS: farewell
(30:43 / All) MoleHillBarony: bon voyage
(31:06 / All) I_CLUB_PENGUINS: cuz u got so lucky early in the game i would have got ur archmage
(31:14 / All) Ch33s3: yeah
(31:16 / All) Ch33s3: but ur bad
(31:19 / All) Ch33s3: and u didnt
(31:35 / All) I_CLUB_PENGUINS: u trapped ur hero and did me a favor....
(31:45 / All) Ch33s3: How is that doing u a favor?
(31:45 / All) I_CLUB_PENGUINS: did u see that orange
(31:52 / All) I_CLUB_PENGUINS: cuz u could have ran away the time i got it
(31:59 / All) I_CLUB_PENGUINS: but u trapped urself between ur farm and my hero
(32:02 / All) I_CLUB_PENGUINS: it was almost an art
(32:04 / All) I_CLUB_PENGUINS: how u did it
(32:19 / All) Ch33s3: i know
(32:20 / All) I_CLUB_PENGUINS: i freaking killed the altar so u could run away too
(32:20 / All) Ch33s3: im good
(33:01 / All) Ch33s3: u2 friends?
(33:10 / All) MoleHillBarony: Never met that person in my life
(33:15 / All) I_CLUB_PENGUINS: ya
(33:17 / All) Ch33s3: right
(33:18 / All) I_CLUB_PENGUINS: im independent
(33:38 / All) Ch33s3: is this fun for u guys?
(33:41 / All) I_CLUB_PENGUINS: u should feel ashamed i beat u 1v3 pruple, im seriously a god
(33:55 / All) Ch33s3: lol
(33:56 / All) MoleHillBarony: It's for pleasure
(34:00 / All) Ch33s3: u didnt beat shit
(34:06 / All) Ch33s3: ur both bad
(34:08 / All) I_CLUB_PENGUINS: it felt satisfying to get ur archmage, i only got like 5 hero kills off of u
(34:11 / All) Ch33s3: This is why u play like this
(34:22 / All) MoleHillBarony: I'll have high score so stick that in your pipe and smoke it
(34:33 / All) I_CLUB_PENGUINS: i got his paly 3 times and archiage 3 times so maybe 6
(34:35 / All) MoleHillBarony: How about them apples, huh?
(34:44 / All) Ch33s3: lol have fun nerds
(34:52 / All) MoleHillBarony: Me team lose for sure
(34:55 / All) I_CLUB_PENGUINS: yes